 Dungeon Crawl Stone Soup version 0.30.1-11-g7821555f0a (webtiles) character file.

Game seed: 16291605077339689721

107 LowPressure the Ruffian (level 4, -4/38 HPs)
             Began as a Naga Transmuter on Dec 28, 2023.
             Slain by a cerulean imp
             ... wielding a +2 spear
             ... summoned by Natasha
              (5 damage)
             ... on level 3 of the Dungeon on Jan 9, 2024.
             The game lasted 00:08:26 (1933 turns).

LowPressure the Ruffian (Naga Transmuter)           Turns: 1933, Time: 00:08:26

Health: -4/38      AC:  3    Str:  9 (12) XL:     4   Next: 85%
Magic:  6/8        EV: 10    Int: 13 (16) God:
Gold:   121        SH:  0    Dex: 10 (11) Spells: 2/8 levels left

rFire   . .          .
                       - Unarmed
rCold   . . .        (no shield)
rNeg    . . .        a - +0 robe
rPois   +            (helmet currently unavailable)
rElec   .            i - +0 cloak
rCorr   .            (no gloves)
SInv    +            (no barding)
Will    .....        (no amulet)
Stlth   +            (no ring)
HPRegen 0.26/turn    (no ring)
MPRegen 0.11/turn

%: no passive effects
@: appendages (expiring), wereblooded, slowed, very slow
A: horns 2, AC +1, large, see invisible, deformed body, poison resistance,
slowness 2, spit poison 1, naga tail 1
a: Spit Poison, End Transformation


You were on level 3 of the Dungeon.
You had temporarily grown beastly horns.
You visited 1 branch of the dungeon, and saw 3 of its levels.

You collected 121 gold pieces.

Inventory:

Armour
 a - a +0 robe (worn)
 i - a +0 cloak (worn)
Wands
 g - a wand of charming (9)
Scrolls
 d - 3 scrolls of teleportation {unknown}
 e - a scroll of identify {unknown}
 h - a scroll of magic mapping {unknown}
Potions
 b - a potion of lignification
 c - 2 potions of degeneration
 f - a potion of heal wounds {unknown}
 j - a potion of magic {unknown}
 k - a potion of berserk rage {unknown}


   Skills:
 + Level 1.2 Fighting
 + Level 2.1 Dodging
 + Level 1.3 Stealth
 + Level 3.5 Unarmed Combat
 + Level 2.9 Spellcasting
 + Level 3.0 Transmutations


You had 2 spell levels left.
You knew the following spells:

 Your Spells              Type           Power      Damage    Failure   Level
a - Beastly Appendage     Tmut           18%        N/A       7%          1
b - Wereblood             Tmut           9%         N/A       10%         2
c - Spider Form           Tmut/Pois      5%         N/A       36%         3

Your spell library contained the following spells:

 Spells                   Type           Power      Damage    Failure   Level
 Ice Form                 Ice/Tmut       5%         N/A       77%         4


Dungeon Overview and Level Annotations

Branches:
Dungeon (3/15)

Altars:
Fedhas

Shops:
D:1 !

Annotations:
D:3 Natasha


Innate Abilities, Weirdness & Mutations

You have temporarily grown beastly horns.
Your serpentine skin is tough. (AC +1)
You have supernaturally acute eyesight. (SInv)
Armour fits poorly on your strangely shaped body.
Your system is resistant to poisons. (rPois)
You cover ground very slowly.
You can spit poison.
You have a snake-like lower body.


Message History

Confirm with . or Enter, or press ? or * to list all spells.
You grow a pair of large bovine horns.
Casting: Beastly Appendage (safe; 5% risk of failure)
Confirm with . or Enter, or press ? or * to list all spells.
Your blood is infused with primal strength.
Natasha mumbles some strange words.
Your transformation is almost over.
Natasha barely misses you. Natasha claws you but does no damage.
You closely miss Natasha. You headbutt Natasha.
Natasha is lightly wounded.
The cerulean imp completely misses you. Natasha claws you.
The cerulean imp completely misses you.
You hit Natasha but do no damage.
Natasha is lightly wounded.
Natasha barely misses you.
The cerulean imp hits you from afar with a +2 spear.
Natasha claws you.
* * * LOW HITPOINT WARNING * * *
You feel better.
The cerulean imp hits you from afar with a +2 spear.
Natasha claws you.
You barely miss Natasha.
Natasha is lightly wounded.
The cerulean imp hits you from afar with a +2 spear.
* * * LOW HITPOINT WARNING * * *
Natasha closely misses you. The cerulean imp closely misses you.
Natasha wildly gestures.
You feel disoriented. Natasha claws you.
* * * LOW HITPOINT WARNING * * *
You closely miss Natasha. Your headbutt misses Natasha.
Natasha is lightly wounded.
The cerulean imp hits you from afar with a +2 spear.
* * * LOW HITPOINT WARNING * * *
Natasha misses you.
It was a potion of degeneration.
There was something very wrong with that liquid.
You feel weakened.
You feel dopey.
You feel clumsy.
The cerulean imp hits you from afar with a +2 spear.
You die...

#.........#.#
#........#
#..##..##(#.#
#........# #...
##..#.#.# #........#
#..# ##.....#
#.#.....## #.#
####รท.###........#
#. #.....##.......#
#.###..#.......#
#.####.#......##
#@#..........##
#h#..........#
#5#.........<#
#.####)#..........#
#.....)#..........#
.........####.#.....#
#.......##
...##.##..# #.##.....
.## #.##... # #....#
.. #+##


You could see Natasha and a cerulean imp (summoned).

Vanquished Creatures
  An orc wizard (D:3)
  Natasha (D:3)
  A dart slug (D:1)
  3 orcs (D:3)
  4 endoplasms
  2 hobgoblins (D:1)
  A jackal (D:2)
  5 kobolds
  5 quokkas
  4 ball pythons
  6 bats
  2 frilled lizards
  6 goblins
  5 rats
46 creatures vanquished.

Notes
Turn   | Place    | Note
-------+----------+-------------------------------------------
     0 | D:1      | LowPressure the Naga Transmuter began the quest for the
                  | Orb.
     0 | D:1      | Reached XP level 1. HP: 18/18 MP: 3/3
   160 | D:1      | Reached XP level 2. HP: 25/25 MP: 3/5
   264 | D:1      | Found Bisk's Distillery.
   761 | D:2      | Reached XP level 3. HP: 31/31 MP: 6/6
   774 | D:2      | Learned a level 2 spell: Wereblood
   778 | D:2      | Learned a level 3 spell: Spider Form
  1247 | D:2      | Found a blossoming altar of Fedhas.
  1691 | D:3      | Noticed Natasha
  1700 | D:3      | Killed Natasha
  1701 | D:3      | Reached skill level 1 in Stealth
  1701 | D:3      | Reached XP level 4. HP: 32/38 MP: 5/7
  1922 | D:3      | Noticed Natasha
  1932 | D:3      | HP: 1/38 [cerulean imp/+2 spear[Natasha] (4)]
  1933 | D:3      | Slain by a cerulean imp

Illustrated notes

Levels and vault maps discovered:
D:1:      heliophobic_arrival_battle_scene, layout_rooms, serial_shops,
          nicolae_diamond_shop
D:2:      layout_basic, corexii_corridor_pit, minmay_hexomino_r4
D:3:      layout_rooms, nicolae_hexahallways, uniq_natasha

Skill      XL: |  1  2  3  4 |
---------------+-------------+-----
Dodging        | 2 |  2.1
Stealth        | 1 |  1.3
Transmutations | 3 |  3.0
Fighting       | |  1.2
Unarmed Combat | |  3.5
Spellcasting   | |  2.9

Action                     |  1- 3 |  4- 6 || total
---------------------------+-------+-------++-------
  Melee: Unarmed           |   139 |    37 ||   176
         Headbutt          |    22 |     6 ||    28
         Punch             |     1 |       ||     1
   Cast: Beastly Appendage |    25 |     5 ||    30
         Wereblood         |     1 |     2 ||     3
         Spider Form       |       |     1 ||     1
Ability: Spit Poison       |     8 |     1 ||     9
         End Transformatio |     1 |       ||     1
    Use: Potion            |       |     2 ||     2
 Armour: Robe              |    27 |    10 ||    37
         Skin              |       |     1 ||     1
  Dodge: Dodged            |    88 |    22 ||   110
